 Dungeon Crawl Stone Soup version 0.16.2-2-g470672f (webtiles) character file.

5616 tognito the Cleaver (level 10, -3/88 HPs)
             Began as a Minotaur Berserker on Aug 19, 2015.
             Was a High Priest of Trog.
             Slain by an orc warlord
             ... wielding a +0 bardiche
              (21 damage)
             ... in a bailey.
             The game lasted 00:40:13 (7811 turns).

tognito the Cleaver (Minotaur Berserker)            Turns: 7811, Time: 00:40:13

Health: -3/88      AC: 25    Str: 25    XL:     10   Next: 45%
Magic:  15/15      EV:  9    Int:  4    God:    Trog [*****.]
Gold:   96         SH:  0    Dex: 10    Spells: 0 memorised, 9 levels left

rFire  . . .     SeeInvis .     a - +1 battleaxe
rCold  x . .     Clarity  .     E - +8 plate armour "Bysh" {rPois rC- MP+9}
rNeg   . . .     SustAb   .     (no shield)
rPois  +         Gourm    .     (helmet restricted)
rElec  .         Spirit   .     (no cloak)
rCorr  .         Warding  .     I - +2 pair of gloves {archery}
rMut   .         Stasis   .     (no boots)
MR     .....                    (no amulet)
Stlth  ..........               (no ring)
                                F - ring of stealth

@: exhausted, slowed, very slow, not resistant to hostile enchantments,
extremely unstealthy
A: retaliatory headbutt, horns 2
a: Burn Spellbooks, Berserk, Trog's Hand, Brothers in Arms, Renounce Religion


You were in a bailey.
You worshipped Trog.
Trog was extremely pleased with you.
You were near starving.

You visited 1 branch of the dungeon, and saw 9 of its levels.
You also visited: Bailey.

You collected 403 gold pieces.
You spent 307 gold pieces at shops.

Inventory:

Hand weapons
 a - a +1 battleaxe (weapon)
 b - a +2 antimagic broad axe
 G - a +0 hand axe
 K - a +2 great mace of protection
 N - a +0 war axe
Missiles
 i - 9 arrows of frost
 n - 72 arrows
 o - 47 sling bullets
 B - 43 bolts
 C - 15 poisoned bolts
 H - 4 tomahawks
 L - a steel tomahawk (quivered)
Armour
 r - a +1 chain mail
 x - a +0 buckler
 E - the +8 plate armour "Bysh" (worn) {rPois rC- MP+9}
   (You found it on level 6 of the Dungeon)

   It makes you vulnerable to cold.
   It protects you from poison.
   It affects your magic capacity (+9).
 I - a +2 pair of gloves of archery (worn)
 J - a +0 ring mail
Jewellery
 s - an uncursed ring of fire
 F - a ring of stealth (left hand)
 M - an uncursed ring of stealth
Magical devices
 k - a wand of frost (45)
 m - a wand of digging (5)
 q - a wand of digging (9)
 y - a wand of frost (6)
 z - a wand of frost (24)
Scrolls
 e - 2 scrolls of enchant armour
 f - 10 scrolls of identify
 g - a scroll of remove curse
 l - 2 scrolls of fear
 t - 3 scrolls of teleportation
 w - 2 scrolls of blinking
Potions
 d - a potion of heal wounds
 h - 2 potions of curing
 j - 2 potions of haste
 A - 2 potions of might
 D - 3 potions of magic
 O - 2 potions of agility
Comestibles
 c - 4 bread rations
 p - 2 meat rations
 u - 24 fruits
 v - 2 beef jerkies


   Skills:
 + Level 7.9 Fighting
 * Level 13.0 Axes
 + Level 3.3 Throwing
 + Level 8.6 Armour
 + Level 5.5 Dodging
 + Level 0.6 Stealth
 + Level 2.7 Shields
 + Level 1.3 Evocations


You had 9 spell levels left.
You didn't know any spells.

Dungeon Overview and Level Annotations

Branches:
Dungeon (9/15)             Temple (0/1) D:6
   Lair: D:8-11         Orc: D:9-12

Altars:
Fedhas
Kikubaaqudgha
Ru
Vehumet
Yredelemnul
Zin

Shops:
D:6 ?   D:7 [


Innate Abilities, Weirdness & Mutations

You reflexively headbutt those who attack you in melee.
You have a pair of horns on your head.


Message History

You are too berserk!
Unknown command.
You are too berserk!
You feel a strong urge to attack something.
You feel your anger subside.
You are no longer berserk.
You are exhausted.
You feel yourself slow down.
You are near starving!
Items here: ))) [[[ Drink which item? (? for menu, Esc to quit)
You feel better. The orc knight hits you with a war axe!
* * * LOW HITPOINT WARNING * * *
There is an open door, spattered with blood here.
Read which item? (? for menu, Esc to quit)
Okay, then.
The orc warlord roars a battlecry!
The orc knight goes into a battle-frenzy!
The orc warlord hits you from afar with a bardiche!!
You die...

### ### ###.### ###.###
#.....### ###.....###
........###.........##
........)#...........#
.........)...........#
...⌠.....#.)...⌠.....#
.........#...........#
)........#......@....#
).......###.......o.###
#.....###
###.....#o#.### ###.###
...###.###))...###
..### ....
###.........## ...#
..... #8oo........#
...#
.....o.#8..........#
...#
......ooo....⌠....∩#
...#
.......#8..........#


You could see an orc warlord and an orc knight (frenzied).

Vanquished Creatures
  An orc knight (Bailey)
  The ghost of 4thArraOfDagon the Ducker, an experienced CeAE of Okawaru (Bailey)
  Grinder (D:6)
  A wyvern (D:8)
  A hungry ghost (D:7)
  A hippogriff (D:7)
  Menkaure (D:6)
  An ice beast (D:4)
  7 orc warriors
  A necrophage (D:8)
  3 ogres
  2 phantoms
  Duvessa (D:4)
  4 giant frogs
  Blork the orc (D:4)
  A water moccasin zombie (D:8)
  13 wights
  4 killer bees (D:6)
  5 crimson imps
  Dowan (D:4)
  A goliath beetle (D:6)
  2 centaur zombies (D:7)
  2 jellies (D:5)
  4 orc priests
  2 centaur skeletons (D:4)
  A giant frog skeleton (D:5)
  Natasha (D:3)
  10 orc wizards
  4 worker ants
  Jessica (D:2)
  7 gnolls (Bailey)
  A shadow imp (D:8)
  6 adders
  A giant mite (D:3)
  A worm (D:4)
  An adder skeleton (D:4)
  47 orcs
  10 bats
  5 giant cockroaches
  29 goblins
  27 hobgoblins
  9 kobolds
  4 quokkas
  2 ball pythons
  2 giant geckos
  2 giant gecko zombies
  6 giant newts
  15 jackals
  A quokka skeleton (D:4)
  13 rats
268 creatures vanquished.

Notes
Turn   | Place    | Note
--------------------------------------------------------------
     0 | D:1      | tognito, the Minotaur Berserker, began the quest for the Orb.
     0 | D:1      | Reached XP level 1. HP: 19/19 MP: 1/1
   174 | D:1      | Reached XP level 2. HP: 27/27 MP: 1/1
   203 | D:1      | Reached skill level 4 in Axes
   422 | D:1      | Acquired Trog's second power
   733 | D:1      | Reached XP level 3. HP: 33/33 MP: 2/2
   802 | D:2      | Noticed Jessica
   815 | D:2      | Killed Jessica
   855 | D:2      | Gained mutation: You are agile. (Dex +2) [potion of beneficial mutation]
   976 | D:2      | Reached skill level 5 in Axes
  1070 | D:2      | Reached XP level 4. HP: 40/40 MP: 2/2
  1131 | D:2      | Lost mutation: You are agile. (Dex +2) [potion of cure mutation]
  1573 | D:3      | Found a sacrificial altar of Ru.
  1582 | D:3      | Found a radiant altar of Vehumet.
  1640 | D:3      | Reached XP level 5. HP: 43/47 MP: 2/2
  1999 | D:3      | Noticed Natasha
  2005 | D:3      | Killed Natasha
  2052 | D:3      | Acquired Trog's third power
  2082 | D:3      | Reached XP level 6. HP: 33/53 MP: 3/3
  2678 | D:4      | Found an ancient bone altar of Kikubaaqudgha.
  2830 | D:4      | Reached skill level 6 in Axes
  2942 | D:4      | Reached skill level 5 in Armour
  3021 | D:4      | Found a basalt altar of Yredelemnul.
  3037 | D:4      | Noticed Duvessa
  3037 | D:4      | Noticed Dowan
  3052 | D:4      | Killed Duvessa
  3052 | D:4      | Reached XP level 7. HP: 46/60 MP: 3/3
  3058 | D:4      | Killed Dowan
  3058 | D:4      | Reached skill level 5 in Fighting
  3165 | D:4      | Noticed Blork the orc
  3178 | D:4      | Killed Blork the orc
  3434 | D:4      | Reached skill level 1 in Throwing
  3627 | D:5      | Entered Level 5 of the Dungeon
  3897 | D:5      | Reached skill level 7 in Axes
  4084 | D:5      | Reached XP level 8. HP: 54/70 MP: 3/3
  4234 | D:6      | Noticed Menkaure
  4242 | D:6      | Killed Menkaure
  4242 | D:6      | Reached skill level 5 in Dodging
  4288 | D:6      | Reached skill level 8 in Axes
  4294 | D:6      | Reached skill level 1 in Shields
  4454 | D:6      | Found Emnamod's Magic Scroll Shoppe.
  4461 | D:6      | Bought a scroll of remove curse for 45 gold pieces
  4461 | D:6      | Bought a scroll of teleportation for 45 gold pieces
  4499 | D:6      | Found a staircase to the Ecumenical Temple.
  4564 | D:6      | Got a twisted plate armour
  4576 | D:6      | Identified the +8 plate armour "Bysh" {rPois rC- MP+9} (You found it on level 6 of the Dungeon)
  4644 | D:6      | Reached skill level 9 in Axes
  4729 | D:6      | Noticed Grinder
  4773 | D:6      | Reached XP level 9. HP: 22/77 MP: 4/4
  4781 | D:6      | Killed Grinder
  4781 | D:6      | Reached skill level 1 in Evocations
  5392 | D:7      | Reached skill level 10 in Axes
  5684 | D:7      | Noticed a centaur zombie
  5685 | D:7      | Found Jiusaf's Armour Boutique.
  5700 | D:7      | Killed a centaur zombie
  5713 | D:7      | Bought a +1 pair of gloves of archery for 161 gold pieces
  5713 | D:7      | Bought a +0 ring mail for 56 gold pieces
  6222 | D:8      | Reached skill level 11 in Axes
  6369 | D:8      | Received a gift from Trog
  6478 | D:8      | Found a glowing silver altar of Zin.
  6940 | D:8      | Reached XP level 10. HP: 86/86 MP: 5/5
  7250 | D:9      | Found a blossoming altar of Fedhas.
  7309 | D:9      | Found a flagged portal.
  7329 | Bailey   | Entered a bailey
  7344 | Bailey   | Reached skill level 12 in Axes
  7438 | Bailey   | Received a gift from Trog
  7602 | Bailey   | Noticed 4thArraOfDagon's ghost (experienced CeAE)
  7623 | Bailey   | Killed 4thArraOfDagon's ghost
  7777 | Bailey   | Noticed an orc knight
  7777 | Bailey   | Noticed an orc warlord
  7779 | Bailey   | Noticed an orc knight
  7800 | Bailey   | Killed an orc knight
  7800 | Bailey   | Reached skill level 13 in Axes
  7811 | Bailey   | Slain by an orc warlord

Action                   |  1- 3 |  4- 6 |  7- 9 | 10-12 || total
-------------------------+-------+-------+-------+-------++-------
Melee: Hand axe          |    92 |   158 |   206 |       ||   456
       War axe           |       |       |    57 |       ||    57
       Battleaxe         |       |       |   156 |   103 ||   259
       Broad axe         |       |       |       |    18 ||    18
Throw: Tomahawk          |       |    11 |    32 |     1 ||    44
Invok: Berserk           |       |       |     2 |     1 ||     3
       Burn Spellbooks   |       |       |     2 |       ||     2
Evoke: Wand              |       |       |     7 |     4 ||    11
  Use: Potion            |     4 |     7 |     4 |     3 ||    18
       Scroll            |       |     1 |    16 |     1 ||    18
  Eat: Chunk             |     1 |     7 |    15 |     3 ||    26
